 Dungeon Crawl Stone Soup version 0.29.1-12-g30fa7ad0bf (webtiles) character file.

Game seed: 2214022665428910166

14 DKerwin the Chopper (level 2, -3/27 HPs)
             Began as a Hill Orc Berserker on Dec 29, 2022.
             Was a Follower of Trog.
             Slain by Terence
             ... wielding a +1 hand axe of freezing
              (6 damage)
             ... on level 2 of the Dungeon.
             The game lasted 00:02:56 (1107 turns).

DKerwin the Chopper (Hill Orc Berserker)            Turns: 1107, Time: 00:02:57

Health: -3/27      AC:  2    Str: 19    XL:     2   Next: 41%
Magic:  2/2        EV: 12    Int:  7    God:    Trog [*.....]
Gold:   16         SH:  5    Dex: 10    Spells: 1/1 levels left

rFire   . . .      SeeInvis .   a - +0 hand axe
rCold   . . .      Faith    .   (no shield)
rNeg    . . .      Spirit   .   b - +0 animal skin
rPois   .          Reflect  +   (no helmet)
rElec   .          Harm     .   (no cloak)
rCorr   .          Rampage  .   (no gloves)
Will    .....                   (no boots)
Stlth   +.........              i - amulet of reflection
HPRegen 0.09/turn               (no ring)
MPRegen 0.08/turn               (no ring)

@: lethally poisoned (-3 -> -5), studying Fighting
A: no striking features
a: Renounce Religion, Berserk


You were on level 2 of the Dungeon.
You worshipped Trog.
Trog was aware of your devotion.
You visited 1 branch of the dungeon, and saw 2 of its levels.

You collected 16 gold pieces.

Inventory:

Hand Weapons
 a - a +0 hand axe (weapon)
Armour
 b - a +0 animal skin (worn)
Jewellery
 i - an amulet of reflection (around neck)
Scrolls
 d - a scroll of teleportation {unknown}
 f - a scroll of blinking {unknown}
 h - 3 scrolls of amnesia {unknown}
Potions
 c - 2 potions of attraction {unknown}
 e - a potion of ambrosia {unknown}


   Skills:
 + Level 3.8 Fighting
 + Level 4.3 Axes
 + Level 2.5 Armour
 + Level 1.8 Dodging


You had one spell level left.
You didn't know any spells.
Your spell library was empty.

Dungeon Overview and Level Annotations

Branches:
Dungeon (2/15)

Altars:

Annotations:
D:2 Terence


Message History

Terence misses you.
You hit Terence.
Terence is moderately wounded.
Terence hits you with a +1 hand axe of freezing.
Terence freezes you.
You hit Terence.
Terence is moderately wounded.
You hit the adder. The adder closely misses you.
Terence hits you with a +1 hand axe of freezing.
Terence freezes you.
You hit Terence.
Terence is heavily wounded.
You hit the adder. The adder barely misses you. Terence closely misses you.
The adder bites you but does no damage.
You barely miss Terence.
Terence is heavily wounded.
You miss the adder. Terence misses you. You block the adder's attack.
You hit Terence.
Terence is severely wounded.
You hit the adder. The adder bites you.
You are poisoned.
The adder poisons you! Terence completely misses you.
You barely miss Terence.
Terence is severely wounded.
You hit the adder but do no damage.
You feel sick. The adder closely misses you.
Terence hits you with a +1 hand axe of freezing.
* * * LOW HITPOINT WARNING * * *
Terence freezes you.
* * * LOW HITPOINT WARNING * * *
The adder closely misses you.
Annotate which branch? (. - D:2, ? - help, ! - show branch list)
Okay, then.
You slash Terence!
Terence is almost dead.
You barely miss the adder.
* * * LOW HITPOINT WARNING * * *
You feel sick.
Terence hits you with a +1 hand axe of freezing.
You die...

.....# #
##.....# ..
#......# ...
+...... ....
##....# .....
.....#
......##@...#
#.S@...#
#.#....#
#.##+#.# #. #
##


You could see Terence and an adder.

Vanquished Creatures
  A dart slug (D:1)
  A ball python (D:1)
  2 endoplasms (D:1)
  A goblin (D:1)
  A quokka (D:1)
  3 frilled lizards (D:1)
  A kobold (D:1)
  2 rats (D:1)
12 creatures vanquished.

Notes
Turn   | Place    | Note
-------+----------+-------------------------------------------
     0 | D:1      | DKerwin the Hill Orc Berserker began the quest for the Orb.
     0 | D:1      | Reached XP level 1. HP: 19/19 MP: 1/1
     3 | D:1      | Found a faded altar of an unknown god.
   387 | D:1      | Reached XP level 2. HP: 24/27 MP: 2/2
  1096 | D:2      | Noticed Terence
  1107 | D:2      | Slain by Terence

Illustrated notes

Levels and vault maps discovered:
D:1:      shiori_shiawase, layout_basic, hellmonk_ecumenical_altar_run_dry,
          hangedman_decor_push, minivault_5, serial_bayou_pond_a
D:2:      layout_basic, uniq_natasha, uniq_terence

Action                   || total
-------------------------++-------
Melee: Hand axe          ||    42
Armor: Animal skin       ||     4
Dodge: Dodged            ||    33
Block: Other             ||     1
